Map: King's Cove LE

Players

RuFF

  • Race: Terran Terran
  • League: Grandmaster
  • Spawn Location: 11:00

Psychopathic - Winner!

  • Race: Protoss Protoss
  • League: Master
  • Spawn Location: 5:00

VOD

Have the link to the VOD?

Description

Time

  • Played on: March 5, 2019, 11:06 p.m.
  • Length: 6:40
Show
View Real Time Build Order
Export as new Build Order

RuFF Terran 

Build Orders:  

Get SALT Encoding   

  12  0:01  SCV  
  13  0:13  SCV  
  14  0:18  Supply Depot  
  14  0:25  SCV  
  15  0:39  SCV  
  15  0:41  Barracks  
  16  0:51  SCV  
  17  1:04  SCV  
  18  1:16  Command Center  
  18  1:20  SCV  
  19  1:27  Marine  
  20  1:34  Orbital Command  
  20  1:42  Bunker  
  20  1:45  Marine  
  21  1:50  Refinery  
  21  2:00  SCV  
  22  2:03  Marine  
  22  2:06  Supply Depot  
  23  2:20  Barracks  
  23  2:28  Marine, SCV  
  23  2:29  Orbital Command  
  25  2:40  SCV, Barracks  
  26  2:47  Barracks Tech Lab  
  26  2:52  SCV  
  26  2:55  SCV  
  28  3:09  Marine x2, Combat Shield  
  30  3:13  SCV x2  
  30  3:18  Barracks  
  32  3:25  SCV x2  
  34  3:27  Barracks Reactor  
  34  3:34  Marine  
  34  3:37  SCV x2  
  34  3:38  Barracks Reactor  
  36  3:52  Marine  
  35  4:02  Ghost Academy  
  30  4:09  Marine  
  26  4:12  Marine x3  
  26  4:14  Marine x2  
  26  4:16  SCV x2  
  32  4:23  Supply Depot x2  
  32  4:27  Marine  
  32  4:28  SCV x2  
  32  4:30  Marine x3  
  36  4:32  Marine x2  
  36  4:47  Marine  
  36  4:48  Marine x2  
  36  4:49  Marine x2  
  41  4:53  Ghost  
  42  5:05  Marine x3  
  40  5:07  Marine x2  
  40  5:22  Marine  
  40  5:23  Marine x2  
  40  5:25  Marine x2  
  35  5:40  Marine x2  
  35  5:41  Marine  
  28  5:43  Marine x2  
  25  5:58  Marine  
  25  5:59  Marine  
  25  6:01  Marine x2  
  17  6:16  Marine  
  18  6:18  Marine  
  20  6:26  Barracks Tech Lab  
Show
View Real Time Build Order
Export as new Build Order

Psychopathic Protoss - Winner!

Build Orders:  

Get SALT Encoding   

  12  0:00  Probe  
  13  0:12  Probe  
  14  0:18  Pylon  
  14  0:21  Probe  
  15  0:32  Probe  
  15  0:39  Gateway  
  16  0:43  Probe  
  16  0:48  Assimilator  
  17  0:55  Probe  
  18  0:57  Assimilator  
  18  1:07  Probe  
  19  1:14  Assimilator  
  19  1:19  Probe  
  20  1:26  Cybernetics Core  
  20  1:31  Probe  
  21  1:45  Pylon  
  22  1:47  Probe  
  22  1:53  Adept  
  22  2:07  Robotics Facility  
  24  2:09  Robotics Facility  
  24  2:15  Pylon  
  24  2:35  Adept  
  26  2:48  Immortal  
  26  2:49  Immortal  
  32  3:21  Pylon  
  32  3:27  Warp Prism  
  34  3:39  Immortal  
  34  4:03  Immortal  
  36  4:18  Shield Battery  
  36  4:20  Shield Battery  
  36  4:25  Immortal  
  40  4:51  Immortal  
  44  5:50  Shield Battery  
  44  5:52  Pylon  
Tags
 
Add a new tag
Caveats
  • Supply blocks, unpowered buildings, or Contaminate may cause inaccurate times.
  • Supply counts are checked every 10 seconds.